 Dungeon Crawl Stone Soup version 0.21-a0-201-g8501b10 (webtiles) character file.

32218 tilp the Scorcher (level 13, -18/102 HPs)
             Began as a Hill Orc Fire Elementalist on Aug 18, 2017.
             Was a High Priest of Vehumet.
             Demolished by a reaper
             ... wielding a +0 scythe of freezing
              (43 damage)
             ... in an ice cave.
             The game lasted 01:30:35 (20716 turns).

tilp the Scorcher (Hill Orc Fire Elementalist)     Turns: 20716, Time: 01:30:36

Health: -18/102    AC: 12    Str: 12    XL:     13   Next: 63%
Magic:  4/20       EV: 12    Int: 21    God:    Vehumet [*****.]
Gold:   840        SH:  0    Dex: 11    Spells: 0/22 levels left

rFire    . . .     SeeInvis .   e - +7 executioner's axe (vamp)
rCold    + . .     Gourm    .   (shield currently unavailable)
rNeg     . . .     Faith    .   U - +1 robe of Baldness {*Slow +Fly Int+2}
rPois    +         Spirit   .   C - +1 hat
rElec    .         Reflect  .   k - +1 cloak
rCorr    .         Harm     .   (no gloves)
MR       .....                  E - +1 pair of boots
Stlth    ++........             t - amulet of regeneration
HPRegen  0.67/turn              a - ring of poison resistance
MPRegen  0.17/turn              Y - ring of protection from cold

@: very slightly contaminated
A: talons 1, iridescent scales 1, slimy green scales 1, robust 1
a: Renounce Religion, Evoke Flight


You were in an ice cave.
You worshipped Vehumet.
Vehumet was extremely pleased with you.
You were not hungry.

You visited 3 branches of the dungeon, and saw 16 of its levels.
You also visited: Ossuary, Bailey and Ice Cave.

You collected 840 gold pieces.

Inventory:

Hand Weapons
 c - a +0 triple sword of freezing
 e - a +7 vampiric executioner's axe (weapon)
 B - a +1 scimitar of flaming
Missiles
 n - 5 tomahawks (quivered)
 F - 4 javelins
Armour
 k - a +1 cloak (worn)
 C - a +1 hat (worn)
 E - a +1 pair of boots (worn)
 H - +0 acid dragon scales
 U - the +1 robe of Baldness (worn) {*Slow +Fly Int+2}
   (You found it on level 12 of the Dungeon)

   It affects your intelligence (+2).
   It lets you fly.
   It may slow you when you take damage.
Jewellery
 a - a ring of poison resistance (left hand)
 t - an amulet of regeneration (around neck)
 Y - a ring of protection from cold (right hand)
Wands
 f - a wand of confusion (20/48)
 h - a wand of paralysis (11/24)
 i - a wand of lightning (9/15)
 w - a wand of polymorph (13/24)
 G - a wand of clouds (4/9)
 I - a wand of acid (8/15)
 J - a wand of enslavement (15/24)
Scrolls
 j - 3 scrolls of fear
 l - 9 scrolls of teleportation
 m - 2 scrolls of fog
 p - a scroll of magic mapping
 y - a scroll of summoning
 z - 5 scrolls of immolation
 A - a scroll of vulnerability {unknown}
 D - 2 scrolls of blinking
 Q - 3 scrolls of remove curse
Potions
 b - a potion of invisibility {unknown}
 o - a potion of might
 r - 7 potions of curing
 s - 2 potions of resistance
 v - a potion of agility
 x - a potion of haste
 L - a potion of cancellation {unknown}
 N - a potion of flight
 S - 2 potions of brilliance {unknown}
Comestibles
 d - 3 meat rations


   Skills:
 + Level 2.5 Fighting
 - Level 10.1 Axes
 - Level 1.5 Dodging
 - Level 1.5 Stealth
 - Level 5.1 Spellcasting
 * Level 13.8 Conjurations
 * Level 15.6 Fire Magic


You couldn't memorise any spells.
You knew the following spells:

 Your Spells              Type           Power        Failure   Level  Hunger
a - Flame Tongue          Conj/Fire      #####        1%          1    None
b - Throw Flame           Conj/Fire      ######       1%          2    None
c - Conjure Flame         Conj/Fire      ######..     1%          3    ##.....
d - Sticky Flame          Conj/Fire      ######..     1%          4    ####...
e - Fireball              Conj/Fire      ######....   1%          5    #####..
f - Bolt of Fire          Conj/Fire      ######....   1%          6    #######
g - Shock                 Conj/Air       ####         1%          1    None


Dungeon Overview and Level Annotations

Branches:
Dungeon (14/15)            Temple (1/1) D:4            Lair (1/6) D:10
    Orc (0/2) D:12
 Vaults: D:13-14

Altars:
Ashenzari
Cheibriados
Dithmenos
Elyvilon
Fedhas
Gozag
Hepliaklqana
Kikubaaqudgha
Makhleb
Nemelex Xobeh
Okawaru
Qazlal
Ru
Sif Muna
Trog
Uskayaw
Vehumet
Wu Jian
Xom
Yredelemnul
Zin
The Shining One
Jiyva

Shops:
D:5 *   D:9 (   D:13 (


Innate Abilities, Weirdness & Mutations

You have sharp toenails.
You are partially covered in iridescent scales. (AC +2)
You are partially covered in slimy green scales. (AC +2)
You are robust. (+10% HP)


Message History

* * * LOW HITPOINT WARNING * * *
The white imp gestures at you. The puff of frost hits you!
Found a long glowing staff, a robe and 18 bolts.
The white imp laughs crazily.
The white imp gestures at you. The puff of frost hits you!
Found a battleaxe of freezing and a crystal plate armour of cold resistance.
Casting: Sticky Flame
Confirm with . or Enter, or press ? or * to list all spells.
Aiming: Conjure Flame
Press: ? - help, Dir - move target cursor The fire ignites!
The reaper misses you.
You see here a long glowing staff.
You see here a robe.
You see here a long glowing staff.
You see here 18 bolts.
The reaper is engulfed in blazing flames.
The reaper hits you from afar with a scythe of freezing!!!
You die...

##......# #
#.......## ##
#........# #§
########.....§§###.
#...##..#.#54§§§#..
#.[.##.§#.##§§..§§#
...#§§.#..###§.§§#
#.##§§......#§≈§##
##@#§§§§.....#§§§#
#(.#44####...#§..#
#|.2.4.......§§§.#
#[.#55......§§#..#
##.#5#..#.#..##.##
#.###..#.##.#..#
...#. ##..#.§§§# #
.).# §..##§§## #
#...# .§§§§§§# #


You could see a reaper, a white imp and an ufetubus.

Vanquished Creatures
  A hydra (D:13)
  3 two-headed ogres
  Erica (D:9)
  3 centaur warriors
  5 death yaks
  The ghost of tilp the Arsonist, a novice HOFE of Okawaru (D:9)
  Nergalle (D:10)
  2 unseen horrors
  An orc knight (Bailey)
  3 ugly things
  A manticore (D:12)
  A cyclops (D:11)
  A centaur zombie (D:12)
  2 ice statues (IceCv)
  A gargoyle (D:12)
  The ghost of Yermak the Slinger, a novice GnTm of Cheibriados (D:7)
  2 efreet
  7 ice devils (IceCv)
  The ghost of Azzok the Skirmisher, an amateur HOFi (D:3)
  A meliai (D:10)
  5 trolls
  4 hippogriffs
  3 slime creatures (D:12)
  A vampire (D:10)
  The ghost of Azzok the Skirmisher, an amateur HOFi (D:4)
  A shadow (D:12)
  2 wraiths (D:12)
  A wyvern (D:7)
  A human (D:7)
  12 yaks
  2 hogs (D:7)
  2 hungry ghosts (D:12)
  2 acid dragons
  2 water moccasins (D:9)
  17 orc warriors
  5 ice beasts
  4 sky beasts
  2 black bears
  A swamp drake (D:12)
  3 phantoms
  2 necrophages
  5 ogres
  4 centaurs
  2 crocodiles
  An elf zombie (Ossuary)
  2 big kobolds
  4 gnoll sergeants
  13 bullfrogs
  2 wyvern skeletons
  7 scorpions
  9 killer bees
  4 wights (D:6)
  A howler monkey (D:7)
  5 bullfrog zombies
  8 crimson imps
  9 hounds
  3 jellies
  13 orc wizards
  2 gnoll shamans
  9 orc priests
  2 bullfrog skeletons
  2 centaur skeletons
  11 worker ants
  6 iguanas
  2 big kobold zombies (Ossuary)
  2 hound skeletons (D:4)
  2 hound zombies
  4 mummies (Ossuary)
  2 worker ant zombies
  21 gnolls
  14 adders
  5 shadow imps
  4 white imps (IceCv)
  8 ufetubi (IceCv)
  2 oozes
  An adder zombie (Ossuary)
  3 adder skeletons
  6 worms
  2 dart slugs
  2 leopard geckos
  87 orcs
  5 giant cockroaches
  3 goblins
  10 hobgoblins
  8 jackals
  19 kobolds
  6 quokkas
  3 ball pythons
  6 bats
  8 frilled lizards
  2 goblin zombies (Ossuary)
  A hobgoblin zombie (Ossuary)
  A jackal skeleton (D:8)
  A kobold zombie (Ossuary)
  An orc zombie (Ossuary)
  A quokka zombie (D:7)
  10 rats
  3 rat zombies (Ossuary)
491 creatures vanquished.

Vanquished Creatures (others)
  A white imp (IceCv)
  3 ufetubi (IceCv)
4 creatures vanquished.

Grand Total: 495 creatures vanquished

Notes
Turn   | Place    | Note
-------+----------+-------------------------------------------
     0 | D:1      | tilp the Hill Orc Fire Elementalist began the quest for the Orb.
     0 | D:1      | Reached XP level 1. HP: 14/14 MP: 3/3
   167 | D:1      | Reached XP level 2. HP: 8/20 MP: 3/5
  1195 | D:2      | Reached XP level 3. HP: 24/26 MP: 6/6
  1254 | D:2      | Found a radiant altar of Vehumet.
  1451 | D:2      | Became a worshipper of Vehumet
  1485 | D:2      | Learned a level 2 spell: Throw Flame
  1489 | D:2      | Learned a level 3 spell: Conjure Flame
  2119 | D:3      | Reached XP level 4. HP: 27/33 MP: 3/8
  2212 | D:3      | Noticed Azzok's ghost (amateur HOFi)
  2526 | D:3      | Found a bloodstained altar of Trog.
  2526 | D:3      | Found a glowing golden altar of the Shining One.
  2526 | D:3      | Found an iron altar of Okawaru.
  2529 | D:3      | Found a deep blue altar of Sif Muna.
  2595 | D:3      | Found a hazy altar of Hepliaklqana.
  2621 | D:3      | Reached XP level 5. HP: 38/38 MP: 0/9
  2717 | D:3      | Reached * piety under Vehumet
  2717 | D:3      | Offered knowledge of Freeze by Vehumet.
  2723 | D:3      | Learned a level 1 spell: Freeze
  3369 | D:4      | Noticed Azzok's ghost (amateur HOFi)
  3405 | D:4      | Reached skill level 4 in Fire Magic
  3778 | D:4      | Reached XP level 6. HP: 23/45 MP: 10/10
  4051 | D:4      | Found an ancient bone altar of Kikubaaqudgha.
  4185 | D:4      | Found a staircase to the Ecumenical Temple.
  4192 | Temple   | Entered the Ecumenical Temple
  4414 | D:5      | Entered Level 5 of the Dungeon
  4547 | D:5      | Noticed a phantom
  4567 | D:5      | Killed a phantom
  4567 | D:5      | Reached skill level 5 in Fire Magic
  4760 | D:5      | Found Gozag's Platinum Reserve.
  4803 | D:5      | Found an opulent altar of Gozag.
  4869 | D:5      | Found a shattered altar of Ashenzari.
  4901 | D:5      | Reached XP level 7. HP: 50/50 MP: 7/11
  5269 | D:5      | Noticed an angel
  5270 | D:5      | Found a glowing silver altar of Zin.
  5280 | D:5      | Found a shimmering altar of Xom.
  5305 | D:5      | Reached ** piety under Vehumet
  5305 | D:5      | Offered knowledge of Shock by Vehumet.
  5534 | D:6      | Reached skill level 5 in Conjurations
  5534 | D:6      | Reached skill level 6 in Fire Magic
  5649 | D:6      | Learned a level 1 spell: Shock
  6259 | D:6      | Reached XP level 8. HP: 53/57 MP: 2/13
  6369 | D:6      | Found a basalt altar of Yredelemnul.
  6437 | D:6      | Reached skill level 7 in Fire Magic
  6462 | D:6      | Offered knowledge of Searing Ray by Vehumet.
  6491 | D:6      | Learned a level 2 spell: Searing Ray
  7061 | D:6      | Reached *** piety under Vehumet
  7199 | D:6      | Reached skill level 8 in Fire Magic
  7212 | D:6      | Learned a level 5 spell: Fireball
  7260 | D:6      | Reached XP level 9. HP: 45/62 MP: 13/15
  7266 | D:6      | Reached skill level 1 in Axes
  7533 | D:6      | Found a stormy altar of Qazlal.
  7650 | D:7      | Offered knowledge of Olgreb's Toxic Radiance by Vehumet.
  8230 | D:3      | Killed Azzok's ghost
  8230 | D:3      | Reached skill level 9 in Fire Magic
  8335 | D:4      | Killed Azzok's ghost
  8971 | D:7      | Reached XP level 10. HP: 49/68 MP: 16/16
  8971 | D:7      | Reached skill level 10 in Fire Magic
  8974 | D:7      | Reached skill level 5 in Axes
  8994 | D:7      | Reached **** piety under Vehumet
  9175 | D:7      | Noticed Yermak's ghost (novice GnTm)
  9188 | D:7      | Killed Yermak's ghost
  9316 | D:7      | Offered knowledge of Lee's Rapid Deconstruction by Vehumet.
  9372 | D:7      | Got a pitted golden amulet
  9633 | D:7      | Reached skill level 11 in Fire Magic
  9858 | D:8      | Found a sand-covered staircase.
  9863 | Ossuary  | Entered an ossuary
  9873 | Ossuary  | Reached ***** piety under Vehumet
  9888 | Ossuary  | Offered knowledge of Conjure Ball Lightning by Vehumet.
  9888 | Ossuary  | Reached skill level 10 in Conjurations
 10513 | D:8      | Identified the amulet "Putoar" {Harm *Drain rPois Dex+4} (You took it off an orc on level 7 of the Dungeon)
 11522 | D:8      | Learned a level 4 spell: Sticky Flame
 11526 | D:9      | Found Kuvif's Weapon Boutique.
 11604 | D:9      | Gained mutation: You do not regenerate when monsters are visible. [mutagenic meat]
 11605 | D:9      | Lost mutation: You do not regenerate when monsters are visible. [mutagenic meat]
 11606 | D:9      | Gained mutation: You are agile. (Dex +2) [mutagenic meat]
 11607 | D:9      | Gained mutation: You are frail. (-10% HP) [mutagenic meat]
 11622 | D:9      | Lost mutation: You are agile. (Dex +2) [potion of mutation]
 11622 | D:9      | Lost mutation: You are frail. (-10% HP) [potion of mutation]
 11622 | D:9      | Gained mutation: You are partially covered in slimy green scales. (AC +2) [potion of mutation]
 11622 | D:9      | Gained mutation: You have sharp toenails. [potion of mutation]
 11622 | D:9      | Gained mutation: You are partially covered in iridescent scales. (AC +2) [potion of mutation]
 11622 | D:9      | Gained mutation: You are robust. (+10% HP) [potion of mutation]
 11638 | D:9      | Found a flagged portal.
 11648 | Bailey   | Entered a bailey
 12072 | Bailey   | Reached XP level 11. HP: 79/80 MP: 6/17
 12737 | Bailey   | Found a roughly hewn altar of Beogh.
 12737 | Bailey   | Noticed an orc knight
 12744 | Bailey   | Killed an orc knight
 12744 | Bailey   | Reached skill level 12 in Fire Magic
 12894 | D:9      | Reached skill level 5 in Spellcasting
 13038 | D:9      | Noticed tilp's ghost (novice HOFE)
 13046 | D:9      | Killed tilp's ghost
 13505 | D:9      | Noticed Erica
 13510 | D:9      | Killed Erica
 13770 | D:10     | Entered Level 10 of the Dungeon
 13841 | D:10     | Offered knowledge of Ozocubu's Refrigeration by Vehumet.
 13847 | D:10     | Noticed a death yak
 13848 | D:10     | Noticed a death yak
 13866 | D:10     | Killed a death yak
 13983 | D:10     | Noticed a death yak
 14003 | D:10     | Killed a death yak
 14189 | D:10     | Noticed a death yak
 14190 | D:10     | Noticed a death yak
 14223 | D:9      | Killed a death yak
 14583 | D:10     | Noticed Nergalle
 14727 | D:10     | Found a staircase to the Lair.
 14792 | D:10     | Reached skill level 13 in Fire Magic
 14900 | D:10     | Killed Nergalle
 14900 | D:10     | Reached XP level 12. HP: 47/89 MP: 1/19
 15052 | D:10     | Killed a death yak
 15054 | D:10     | Killed a death yak
 15702 | Lair:1   | Entered Level 1 of the Lair of Beasts
 15812 | D:11     | Noticed a two-headed ogre
 15822 | D:11     | Killed a two-headed ogre
 16283 | D:11     | Noticed a two-headed ogre
 16292 | D:11     | Killed a two-headed ogre
 16292 | D:11     | Reached skill level 14 in Fire Magic
 17716 | D:12     | Noticed a centaur warrior
 17723 | D:12     | Killed a centaur warrior
 17860 | D:12     | Got a fine robe
 17941 | D:12     | Reached XP level 13. HP: 40/94 MP: 16/20
 18252 | D:12     | Found a staircase to the Orcish Mines.
 18407 | D:12     | Identified the +1 robe of Baldness {*Slow +Fly Int+2} (You found it on level 12 of the Dungeon)
 18710 | D:12     | Offered knowledge of Bolt of Fire by Vehumet.
 18722 | D:12     | Learned a level 6 spell: Bolt of Fire
 19100 | D:13     | Found a labyrinth entrance.
 19105 | D:13     | Reached skill level 15 in Fire Magic
 19106 | D:13     | Found Zuxuet's Antique Weapon Boutique.
 19513 | D:13     | Reached skill level 10 in Axes
 19875 | D:13     | Reached skill level 1 in Fighting
 20130 | D:14     | Found a frozen archway.
 20253 | IceCv    | Entered an ice cave
 20705 | IceCv    | Noticed a reaper
 20716 | IceCv    | Demolished by a reaper

Vault maps used:
D:1:      roderic_chinese_lattice_arrival, minmay_cut_off
D:2:      vehumet_crystals, first_bread, minmay_misc_feat_tower
D:3:      grunt_temple_overflow_open, lemuel_doored_altar, grunt_ministairs_9
D:4:      kennysheep_mini_moat, minmay_temple_entry_hall
D:5:      grunt_temple_overflow_order_and_chaos_1,
          nicolae_gozag_zags_fifth_avenue, evilmike_ruin_ashenzari
D:6:      kennysheep_mini, lemuel_crystal_altar
D:7:      hangedman_cross_stitches, grunt_livestock
D:8:      serial_gnoll_camp, gnoll_camp_mini_hut, gnoll_camp_mini_hut,
          gnoll_camp_mini_hut, gnoll_camp_huts_basic, enter_ossuary_2
D:9:      enter_bailey_8, serial_shops, shop, uniq_erica
D:10:     dpeg_lair_monsters, uniq_nergalle
D:12:     erik_orc_1
D:13:     lab_entry_generic, serial_shops, shop
D:14:     minmay_nested_s, grunt_vaults_entry_tiered,
          portal_ice_cave_entry_pillars_2, minmay_misc_feat_ornament,
          uniq_roxanne
Temple:   pf_slime_end_temple
Lair:1:   serial_bayou_pond_d, st_stairs_4, grunt_megastairs_4,
          lemuel_fruit_tree
Ossuary:  ossuary_minmay_tomb_2a
Bailey:   bailey_polearm_2, bailey
IceCv:    ice_cave_small_demon

Skill      XL: |  1  2  3  4  5  6  7  8  9 10 11 12 13 |
---------------+----------------------------------------+-----
Spellcasting   | 2 3 4 5 |  5.1
Conjurations   | 3 4 5 7 8 10 12 13 | 13.8
Fire Magic     | 4 5 6 8 9 11 13 14 15 | 15.6
Axes           | 4 5 7 9 10 | 10.1
Fighting       | 2 |  2.5
Dodging        | |  1.5
Stealth        | |  1.5

Action                   |  1- 3 |  4- 6 |  7- 9 | 10-12 | 13-15 || total
-------------------------+-------+-------+-------+-------+-------++-------
Melee: Short sword       |    24 |       |       |       |       ||    24
       Dagger            |    64 |   145 |   113 |       |       ||   322
       Battleaxe         |       |       |   149 |   251 |       ||   400
       Executioner's axe |       |       |       |   350 |   174 ||   524
Throw: Stone             |       |       |    14 |       |       ||    14
       Tomahawk          |       |       |     4 |       |       ||     4
 Cast: Flame Tongue      |    12 |    20 |   109 |    41 |     6 ||   188
       Throw Flame       |     2 |     6 |    19 |   146 |    12 ||   185
       Conjure Flame     |       |     1 |    11 |    21 |     6 ||    39
       Freeze            |       |     4 |     9 |     8 |       ||    21
       Shock             |       |       |     1 |       |       ||     1
       Searing Ray       |       |       |     3 |       |       ||     3
       Fireball          |       |       |     8 |    37 |    13 ||    58
       Sticky Flame      |       |       |       |    33 |    18 ||    51
       Bolt of Fire      |       |       |       |       |    10 ||    10
Evoke: Wand              |       |     7 |       |     4 |       ||    11
  Use: Scroll            |       |     5 |     9 |    24 |     7 ||    45
       Potion            |       |       |       |     3 |     2 ||     5
 Stab: Sleeping          |     3 |     6 |       |     4 |       ||    13
       Distracted        |       |       |       |       |     1 ||     1
  Eat: Chunk             |     4 |     7 |    14 |    31 |    11 ||    67
       Fruit             |       |     2 |     5 |     1 |       ||     8
       Meat ration       |       |       |       |     4 |     1 ||     5
       Royal jelly       |       |       |       |     1 |     2 ||     3
       Bread ration      |       |       |       |     1 |       ||     1
Armor: Robe              |    17 |    37 |    26 |       |    82 ||   162
       Acid dragon scale |       |       |    89 |   493 |    31 ||   613
Dodge: Dodged            |    56 |    95 |   183 |   529 |   127 ||   990
Block: Buckler           |       |       |    11 |       |       ||    11
